 Dungeon Crawl Stone Soup version 0.22.0-2-ge58baed (webtiles) character file.

80 Faca the Skirmisher (level 4, -3/29 HPs)
             Began as a Gargoyle Fighter on Aug 12, 2018.
             Was an Initiate of Okawaru.
             Killed by divine providence
             ... invoked by an orc priest
              (11 damage)
             ... on level 3 of the Dungeon.
             The game lasted 00:06:02 (1600 turns).

Faca the Skirmisher (Gargoyle Fighter)              Turns: 1600, Time: 00:06:03

Health: -3/29      AC: 10    Str: 19    XL:     4   Next: 39%
Magic:  4/4        EV:  7    Int:  9    God:    Okawaru [......]
Gold:   120        SH:  9    Dex: 10    Spells: 3/3 levels left

rFire    + . .     SeeInvis .   k - +2 whip (drain)
rCold    + . .     Gourm    .   c - +0 shield
rNeg     + . .     Faith    .   b - +0 scale mail
rPois    ∞         Spirit   .   (no helmet)
rElec    +         Reflect  .   p - scarf {rC+ rF+}
rCorr    .         Harm     .   (no gloves)
MR       .....                  (no boots)
Stlth    ..........             (no amulet)
HPRegen  0.09/turn              (no ring)
MPRegen  0.09/turn              (no ring)

@: no status effects
A: negative energy resistance 1, electricity resistance, unbreathing,
petrification resistance, rot immunity, AC +3
a: Renounce Religion


You were on level 3 of the Dungeon.
You worshipped Okawaru.
Okawaru was noncommittal.
You were not hungry.

You visited 1 branch of the dungeon, and saw 3 of its levels.

You collected 120 gold pieces.

Inventory:

Hand Weapons
 a - a +0 flail
 k - a +2 whip of draining (weapon)
Armour
 b - a +0 scale mail (worn)
 c - a +0 shield (worn)
 p - a scarf of resistance (worn)
Jewellery
 o - an uncursed ring of fire
Scrolls
 g - a scroll of immolation {unknown}
 h - 2 scrolls of amnesia {unknown}
 i - 2 scrolls of enchant weapon {unknown}
 j - 4 scrolls of identify {unknown}
 n - a scroll of fog {unknown}
Potions
 d - 2 potions of might
 e - a potion of heal wounds {unknown}
 l - a potion of resistance {unknown}
 m - a potion of degeneration {unknown}
 q - a potion of lignification {unknown}
Comestibles
 f - 3 rations


   Skills:
 + Level 4.1 Fighting
 * Level 3.8 Maces & Flails
 - Level 3.2 Armour
 - Level 3.2 Shields


You had 3 spell levels left.
You didn't know any spells.
Your spell library was empty.

Dungeon Overview and Level Annotations

Branches:
Dungeon (3/15)

Altars:
Nemelex Xobeh
Okawaru
Uskayaw
Vehumet


Innate Abilities, Weirdness & Mutations

You are resistant to torment.
Your stone body is resilient. (AC +3)
You are immune to poison.
You resist negative energy. (rN+)
You are resistant to electric shocks. (rElec)
You can survive without breathing.
You are immune to petrification.
You are immune to rotting.


Message History

The orc priest hits you but does no damage.
You hit the orc priest but do no damage.
The orc priest is almost dead.
You block the orc's attack. You block the orc priest's attack.
The dart slug bites you but does no damage.
You hit the orc priest but do no damage.
The orc priest is almost dead.
You block the orc's attack.
The orc priest looks encouraged for a moment.
You block the dart slug's attack.
You hit the orc priest.
The orc priest is almost dead.
The orc hits you but does no damage. You block the orc priest's attack.
You completely miss the orc priest.
The orc priest is almost dead.
The dart slug bites you.
* * * LOW HITPOINT WARNING * * *
The orc priest mumbles some strange prayers to Beogh against you.
Beogh smites you!
You die...

#.#(..# ##...##.#
#.#(..# #8...8#.#
#.#...# ##...##.#
#.##### #...##.#
#######.# ##...##..
.....?..# #8...8#..
........#### ####...####
.[....oow#8###8##...##8#
#@................
#......)....⌠.....
#.................
.....#8###8##...##8#
##.##### ####...#### ...
#8...8# ##.. ##...## ..$
#...# ###. #...#


You could see an orc priest, a dart slug and an orc.

Vanquished Creatures
  2 adders (D:2)
  An ooze (D:1)
  2 worms
  2 dart slugs
  A leopard gecko (D:2)
  3 orcs (D:3)
  A ball python (D:1)
  3 bats
  7 goblins
  6 hobgoblins
  2 jackals (D:1)
  A quokka (D:3)
  6 frilled lizards
  6 kobolds
  3 rats
46 creatures vanquished.

Notes
Turn   | Place    | Note
-------+----------+-------------------------------------------
     0 | D:1      | Faca the Gargoyle Fighter began the quest for the Orb.
     0 | D:1      | Reached XP level 1. HP: 14/14 MP: 1/1
   185 | D:1      | Reached XP level 2. HP: 19/19 MP: 2/2
   708 | D:2      | Reached XP level 3. HP: 24/24 MP: 3/3
   932 | D:2      | Reached skill level 4 in Fighting
   982 | D:2      | Reached XP level 4. HP: 28/29 MP: 4/4
  1301 | D:3      | Noticed a dagger
  1302 | D:3      | Found a hide-covered altar of Uskayaw.
  1302 | D:3      | Noticed a hand axe
  1416 | D:3      | Found an iron altar of Okawaru.
  1421 | D:3      | Became a worshipper of Warmaster Okawaru
  1454 | D:3      | Found a sparkling altar of Nemelex Xobeh.
  1454 | D:3      | Found a radiant altar of Vehumet.
  1600 | D:3      | Killed from afar by an orc priest

Skill      XL: |  1  2  3 |
---------------+----------+-----
Maces & Flails | 3 |  3.8
Fighting       | 4 |  4.1
Armour         | |  3.2
Shields        | |  3.2

Action                   |  1- 3 |  4- 6 || total
-------------------------+-------+-------++-------
Melee: Flail             |    88 |       ||    88
       Whip              |    38 |    36 ||    74
  Eat: Chunk             |       |     2 ||     2
Armor: Scale mail        |    59 |    13 ||    72
Dodge: Dodged            |    50 |    11 ||    61
Block: Shield            |    50 |    20 ||    70
